 Dungeon Crawl Stone Soup version 0.26-a0-30-g56b8cd3df0 (webtiles) character file.

Game seed: 7368957367218036518, levelgen mode: deterministic

13930 tilp the Basher (level 11, -8/83 (84) HPs)
             Began as a Demigod Venom Mage on May 30, 2020.
             Mangled by a komodo dragon (25 damage)
             ... on level 1 of the Lair of Beasts.
             The game lasted 00:40:20 (19376 turns).

tilp the Basher (Demigod Venom Mage)               Turns: 19376, Time: 00:40:20

HP:   -8/83 (84)    AC: 13    Str: 11    XL:     11   Next: 52%
MP:   14/20         EV: 14    Int: 25    God:
Gold: 119           SH:  5    Dex: 16    Spells: 2/18 levels left

rFire    . . .     SeeInvis .   a - +4 flail
rCold    . . .     Gourm    .   f - +0 buckler
rNeg     . . .     Faith    .   F - +0 steam dragon scales
rPois    .         Spirit   .   v - +1 helmet
rElec    .         Reflect  .   A - +2 cloak {Stlth+}
rCorr    .         Harm     .   g - +2 pair of gloves
MR       +....                  (no boots)
Stlth    +++.......             h - amulet of the acrobat
HPRegen  0.23/turn              (no ring)
MPRegen  0.17/turn              (no ring)

@: lethally poisoned (-8 -> -14), very slightly contaminated
A: high mp 1
a: no special abilities


You were on level 1 of the Lair of Beasts.
You were not hungry.

You visited 2 branches of the dungeon, and saw 12 of its levels.
You also visited: Ossuary.

You collected 648 gold pieces.
You spent 529 gold pieces at shops.

Inventory:

Hand Weapons
 a - a +4 flail (weapon)
 b - a +2 quarterstaff of chaos
 J - the +7 great mace of Beogh's Reproof {protect, rF- rC+++ SInv}
   (You bought it in a shop on level 9 of the Dungeon)

   It grants its wielder temporary protection when it strikes (+7 to AC).
   It makes you vulnerable to fire.
   It renders you almost immune to cold.
   It lets you see invisible.
 K - a +0 great mace
Missiles
 i - 15 poisoned darts
 p - 4 javelins
 D - 6 boomerangs (quivered)
 H - 2 throwing nets
 M - 2 stones
Armour
 f - a +0 buckler (worn)
 g - a +2 pair of gloves (worn)
 r - a +4 ring mail of cold resistance
 v - a +1 helmet (worn)
 A - a +2 cloak of stealth (worn)
 F - +0 steam dragon scales (worn)
Magical Staves
 Q - an uncursed staff of earth {unknown}
Jewellery
 h - an amulet of the acrobat (around neck)
 n - a cursed amulet of guardian spirit
Wands
 q - a wand of random effects (11)
 I - a wand of paralysis (15)
 O - a wand of disintegration (23)
Scrolls
 d - 8 scrolls of remove curse
 l - 6 scrolls of immolation
 o - a scroll of summoning {unknown}
 s - a scroll of enchant weapon
 u - 4 scrolls of teleportation
 y - 3 scrolls of amnesia
 z - 3 scrolls of blinking
 E - 2 scrolls of magic mapping
 G - 5 scrolls of fear
 P - a scroll of identify
Potions
 e - a potion of ambrosia
 j - 4 potions of lignification
 k - 7 potions of curing
 m - 4 potions of resistance
 t - 7 potions of heal wounds
 w - 2 potions of invisibility
 x - a potion of mutation {unknown}
 B - 3 potions of magic
 C - 2 potions of flight
 L - a potion of might {unknown}
Miscellaneous
 N - a lightning rod (inert)
Comestibles
 c - 33 rations
 R - 4 chunks of flesh


   Skills:
 - Level 4.0 Fighting
 + Level 13.1 Maces & Flails
 - Level 4.0 Dodging
 - Level 4.0 Stealth
 - Level 4.0 Shields
 - Level 4.0 Spellcasting
 - Level 0.8 Transmutations
 - Level 8.0 Poison Magic


You had 2 spell levels left.
You knew the following spells:

 Your Spells              Type           Power        Failure   Level  Hunger
a - Sting                 Tmut/Pois      ####         1%          1    None
b - Poisonous Vapours     Pois/Air       ####..       2%          2    None
c - Ignite Poison         Fire/Tmut/Pois ###.....     9%          3    ##.....
d - Mephitic Cloud        Conj/Pois/Air  ###.....     10%         3    ##.....
e - Olgreb's Toxic Radia  Pois           #####...     3%          4    ####...
f - Apportation           Tloc           #.....       9%          1    None
g - Passwall              Tmut/Erth      #.......     12%         2    None

Your spell library contained the following spells:

 Spells                   Type           Power        Failure   Level  Hunger
 Animate Skeleton         Necr           N/A          9%          1    None
 Corona                   Hex            #......      9%          1    None
 Freeze                   Ice            #...         9%          1    None
 Sandblast                Erth           #.....       9%          1    None
 Summon Small Mammal      Summ           #...         9%          1    None
 Frozen Ramparts          Ice            #.....       26%         3    ##.....
 Ozocubu's Armour         Chrm/Ice       #.......     26%         3    ##.....
 Stone Arrow              Conj/Erth      #.....       26%         3    ##.....
 Petrify                  Tmut/Erth      #.......     58%         4    ####...
 Hailstorm                Conj/Ice       #.......     65%         4    ####...
 Summon Ice Beast         Ice/Summ       #.......     65%         4    ####...
 Bolt of Magma            Conj/Fire/Erth #.........   94%         5    #####..
 Iskenderun's Battlesphe  Conj/Chrm      #.......     94%         5    #####..
 Lee's Rapid Deconstruct  Erth           #.........   94%         5    #####..
 Iron Shot                Conj/Erth      #.........   100%        6    #######
 Orb of Destruction       Conj           #.........   100%        7    #######
 Spellforged Servitor     Conj/Summ      #.........   100%        7    #######


Dungeon Overview and Level Annotations

Branches:
Dungeon (11/15)            Temple (0/1) D:4            Lair (1/6) D:8
    Orc (0/2) D:11        Ossuary (visited)

Shops:
D:4 :   D:7 (!*%   D:9 (

Annotations:
D:11 exclusion: oklob plant
Lair:1 3 runed translucent doors, Ishrent's ghost, novice DsWn


Innate Abilities, Weirdness & Mutations

You have an increased reservoir of magic. (+10% MP)


Message History

You feel sick.
The komodo dragon completely misses you.
The four-headed hydra bites you but does no damage.
The four-headed hydra barely misses you.
The four-headed hydra bites you but does no damage.
The four-headed hydra barely misses you.
You hit the four-headed hydra.
The four-headed hydra is almost dead.
You feel sick.
The komodo dragon looks more healthy.
The komodo dragon bites you but does no damage.
Unknown command.
You barely miss the four-headed hydra.
The four-headed hydra is almost dead.
The four-headed hydra bites you.
* * * LOW HITPOINT WARNING * * *
The four-headed hydra misses you. The four-headed hydra bites you.
* * * LOW HITPOINT WARNING * * *
You block the four-headed hydra's attack.
The komodo dragon bites you!!
You die...

...... .... #..>....###...
###.#.#.#+#+#.###.......#.+...
#...........#..##.......#.#...
#...........#...#>.........(..
#.). #≈...#...........###...
#...## ##...#...#.......# #...
#./≈####....†..##..##### ####
#.........#Dl####.##
#...#........#@## #...# #%..
###.##.##### #..## #.( ######
### #...# #.# #######.####..##
## # ######..#.#.........#####
#. #......##...............#
#.
#......####.........###.###.
#......# #..........# #...÷.
###.#### ##.........# ##.##.


You could see a four-headed hydra and a komodo dragon.

Vanquished Creatures
  A two-headed ogre (D:9)
  Urug (D:10)
  An orc knight (D:11)
  The ghost of vurker the Magician, a novice DgWz (D:6)
  2 ugly things (D:11)
  Maurice (D:11)
  A black mamba (Lair:1)
  Maggie (D:7)
  A spiny frog (Lair:1)
  23 yaks
  A hungry ghost (D:9)
  An acid dragon (D:8)
  2 water moccasins
  3 porcupines (Lair:1)
  4 orc warriors
  5 sky beasts
  A black bear (D:10)
  4 ice beasts
  5 ogres
  2 phantoms
  5 centaurs
  A necrophage (D:7)
  A crocodile (Lair:1)
  A big kobold (D:11)
  8 bullfrogs
  Blork the orc (D:5)
  A gnoll sergeant (D:9)
  2 scorpions (D:6)
  5 killer bees (D:10)
  3 crimson imps
  A centaur zombie (Ossuary)
  2 quasits
  9 orc priests
  10 hounds
  11 orc wizards
  2 bullfrog zombies
  Crazy Yiuf (D:6)
  2 jellies
  3 bullfrog skeletons
  A centaur skeleton (D:6)
  Jessica (D:3)
  6 iguanas
  7 worker ants
  2 big kobold zombies (Ossuary)
  4 hound skeletons
  6 mummies
  2 worker ant zombies
  Robin (D:3)
  5 gnolls (D:9)
  20 adders
  2 shadow imps
  2 oozes
  2 adder skeletons
  3 worms
  A dart slug (D:2)
  2 leopard geckos
  44 orcs
  4 bats (D:1)
  8 giant cockroaches
  11 goblins
  10 hobgoblins
  14 jackals
  17 kobolds
  5 quokkas
  2 ball pythons
  A ball python zombie (D:6)
  3 frilled lizards
  2 goblin zombies (Ossuary)
  A kobold zombie (Ossuary)
  A leopard gecko skeleton (D:7)
  4 orc zombies
  A quokka skeleton (D:6)
  A quokka zombie (D:9)
  6 rats
332 creatures vanquished.

Vanquished Creatures (others)
  2 fungi (Lair:1)
  5 plants
7 creatures vanquished.

Grand Total: 339 creatures vanquished

Notes
Turn   | Place    | Note
-------+----------+-------------------------------------------
     0 | D:1      | tilp the Demigod Venom Mage began the quest for the Orb.
     0 | D:1      | Reached XP level 1. HP: 14/14 MP: 5/5
   305 | D:1      | Reached XP level 2. HP: 14/20 MP: 1/7
   399 | D:1      | Learned a level 2 spell: Poisonous Vapours
  1520 | D:2      | Reached XP level 3. HP: 13/26 MP: 8/8
  2109 | D:2      | Found a hazy altar of Hepliaklqana.
  2109 | D:2      | Found an ancient bone altar of Kikubaaqudgha.
  2361 | D:3      | Reached skill level 1 in Fighting
  2583 | D:3      | Noticed Jessica
  2692 | D:3      | Reached XP level 4. HP: 36/36 MP: 6/9
  2715 | D:3      | Noticed Robin
  2725 | D:3      | Killed Jessica
  2730 | D:3      | Learned a level 3 spell: Ignite Poison
  2800 | D:3      | Killed Robin
  3924 | D:4      | Found a staircase to the Ecumenical Temple.
  3937 | D:4      | Reached XP level 5. HP: 37/41 MP: 6/10
  4205 | D:4      | Reached skill level 5 in Poison Magic
  4886 | D:4      | Noticed a phantom
  5160 | D:4      | Found Wecinue's Book Emporium.
  5184 | D:4      | Found a stormy altar of Qazlal.
  5384 | D:5      | Entered Level 5 of the Dungeon
  5399 | D:5      | Reached XP level 6. HP: 48/48 MP: 6/11
  5667 | D:5      | Noticed Blork the orc
  5862 | D:4      | Reached skill level 1 in Maces & Flails
  6011 | D:5      | Reached skill level 2 in Maces & Flails
  6381 | D:5      | Killed Blork the orc
  6381 | D:5      | Reached XP level 7. HP: 33/55 MP: 3/13
  6554 | D:5      | Reached skill level 3 in Maces & Flails
  7035 | D:5      | Reached skill level 4 in Maces & Flails
  7370 | D:6      | Found a sand-covered staircase.
  7375 | D:6      | Reached skill level 1 in Shields
  7523 | Ossuary  | Entered an ossuary
  8547 | D:6      | Reached skill level 5 in Maces & Flails
  8547 | D:6      | Reached XP level 8. HP: 58/61 MP: 14/14
  9049 | D:6      | Found a transporter.
  9146 | D:6      | Noticed vurker's ghost (novice DgWz)
  9224 | D:6      | Found a runed translucent door.
  9225 | D:6      | Noticed Crazy Yiuf
  9260 | D:6      | Found a transporter.
  9394 | D:6      | Reached skill level 6 in Maces & Flails
  9844 | D:6      | Killed Crazy Yiuf
  9857 | D:6      | Learned a level 3 spell: Mephitic Cloud
  9923 | D:7      | Noticed Maggie
 10176 | D:7      | Found Sockaal's Assorted Antiques.
 10179 | D:7      | Found Emiottor's Distillery.
 10198 | D:7      | Bought a potion of lignification for 36 gold pieces
 10334 | D:7      | Found Ruaph's Weapon Shoppe.
 10948 | D:7      | Killed Maggie
 10948 | D:7      | Reached skill level 7 in Maces & Flails
 10948 | D:7      | Reached XP level 9. HP: 55/66 MP: 4/18
 11040 | D:7      | Found Mengorgh's Food Shoppe.
 11418 | D:7      | Learned a level 4 spell: Olgreb's Toxic Radiance
 11420 | D:7      | Learned a level 1 spell: Apportation
 11444 | D:7      | Bought a pair of gloves for 148 gold pieces
 11903 | D:8      | Reached skill level 8 in Maces & Flails
 12436 | D:8      | Found a hide-covered altar of Uskayaw.
 12438 | D:8      | Found a sparkling altar of Nemelex Xobeh.
 12446 | D:8      | Found a staircase to the Lair.
 12549 | D:8      | Found a snail-covered altar of Cheibriados.
 12805 | D:8      | Found a glowing golden altar of the Shining One.
 12880 | D:9      | Reached skill level 9 in Maces & Flails
 12991 | D:9      | Found a radiant altar of Vehumet.
 13312 | D:9      | Noticed a two-headed ogre
 13331 | D:9      | Killed a two-headed ogre
 13331 | D:9      | Reached skill level 10 in Maces & Flails
 13644 | D:9      | Found a shimmering blue altar of Sif Muna.
 13889 | D:9      | Reached XP level 10. HP: 72/72 MP: 3/19
 14368 | D:9      | Found Fiwid's Antique Weapon Emporium.
 14646 | D:9      | Learned a level 2 spell: Passwall
 14653 | D:10     | Entered Level 10 of the Dungeon
 15015 | D:10     | Noticed Urug
 15426 | D:10     | Killed Urug
 15937 | D:9      | Bought an encrusted great mace for 345 gold pieces
 15937 | D:9      | Identified the +7 great mace of Beogh's Reproof {protect,
                  | rF- rC+++ SInv} (You bought it in a shop on level 9 of the
                  | Dungeon)
 15975 | D:11     | Noticed a purple ugly thing
 16004 | D:11     | Noticed a purple ugly thing
 16013 | D:11     | Killed a purple ugly thing
 16224 | D:11     | Reached skill level 11 in Maces & Flails
 16228 | D:11     | Noticed an orc knight
 16248 | D:11     | Killed an orc knight
 16248 | D:11     | Reached XP level 11. HP: 20/83 MP: 1/20
 16541 | D:11     | Found a roughly hewn altar of Beogh.
 16541 | D:11     | Found a staircase to the Orcish Mines.
 17043 | D:11     | Noticed Maurice
 17058 | D:11     | Killed Maurice
 17058 | D:11     | Reached skill level 12 in Maces & Flails
 17074 | D:11     | Found a blossoming altar of Fedhas.
 17165 | D:11     | Found a bloodstained altar of Trog.
 17958 | D:6      | Killed vurker's ghost
 18153 | Lair:1   | Entered Level 1 of the Lair of Beasts
 18962 | Lair:1   | Found a runed translucent gate.
 18962 | Lair:1   | Found a runed translucent gate.
 18962 | Lair:1   | Noticed a 12-headed hydra
 18963 | Lair:1   | Found a runed translucent gate.
 18964 | Lair:1   | Noticed Ishrent's ghost (novice DsWn)
 18966 | Lair:1   | Noticed a nine-headed hydra
 19352 | Lair:1   | Noticed a four-headed hydra
 19367 | Lair:1   | Reached skill level 13 in Maces & Flails
 19376 | Lair:1   | Mangled by a komodo dragon

Illustrated notes

Levels and vault maps discovered:
D:1:      dpeg_arrival_long_road, layout_basic
D:2:      layout_loops_cross, grunt_temple_overflow_open, first_ration
D:3:      layout_rooms, chequers_big_river, minivault_25, uniq_robin,
          uniq_jessica
D:4:      layout_loops_corners, nicolae_qazlal_eye_of_the_storm,
          nicolae_overflow_hidden_temple, minmay_temple_entry_poolview,
          serial_shops, nicolae_shop_trees, minmay_crystal_water,
          guppyfry_early_lair_pool
D:5:      layout_rooms, minmay_pentangle, uniq_blork_the_orc
D:6:      layout_loops_ring, nicolae_ossuary_entry_giza, gammafunk_ghost_arena,
          minivault_24, chequers_serial_rivers_micro_c, uniq_crazy_yiuf_cottage
D:7:      layout_loops_corners, serial_shops, kennysheep_mini_moat,
          nicolae_shop_temple_entry_statues_fountains, nicolae_shop_statue_plus,
          nicolae_shop_overgrown_old_shop, serial_rivers,
          chequers_serial_rivers_marsh, chequers_serial_rivers_room_b,
          chequers_serial_rivers_marsh, chequers_serial_rivers_large_a,
          chequers_serial_rivers_room_b, uniq_maggie
D:8:      layout_loops_ring, kennysheep_mini, lemuel_doored_altar,
          chequers_temple_overflow_statue_of_worship, lair_entry_dummy,
          grunt_ogre_cave, minmay_between
D:9:      layout_stronghold, fiery_altar_vehumet, lemuel_coloured_pillars_altar,
          serial_shops, shop
D:10:     layout_cave_pools, minivault_16, uniq_urug
D:11:     layout_cross, david_orc_5, basic_altar, tgw_fedhas, uniq_maurice
Lair:1:   layout_roguey, gammafunk_ghost_hydra_chop,
          hangedman_lair_generics_rect

Skill      XL: |  1  2  3  4  5  6  7  8  9 10 11 |
---------------+----------------------------------+-----
Poison Magic   | 3 4 5 6 8 |  8.0
Dodging        | 2 4 |  4.0
Fighting       | 1 2 4 |  4.0
Spellcasting   | 2 4 |  4.0
Stealth        | 3 4 |  4.0
Maces & Flails | 2 5 7 10 11 13 | 13.1
Shields        | 2 4 |  4.0
Transmutations | |  0.8

Action                   |  1- 3 |  4- 6 |  7- 9 | 10-12 || total
-------------------------+-------+-------+-------+-------++-------
Melee: Dagger            |    77 |    60 |       |       ||   137
       Unarmed           |     1 |       |       |       ||     1
       Flail             |       |    30 |   351 |   283 ||   664
Throw: Stone             |       |     3 |    29 |       ||    32
       Boomerang         |       |       |     4 |       ||     4
 Cast: Sting             |    32 |    90 |    83 |    65 ||   270
       Poisonous Vapours |    26 |    28 |    76 |    40 ||   170
       Ignite Poison     |       |       |    10 |    16 ||    26
       Mephitic Cloud    |       |       |     1 |     1 ||     2
       Olgreb's Toxic Ra |       |       |     2 |    10 ||    12
       Apportation       |       |       |       |     1 ||     1
Evoke: Wand              |       |       |       |     2 ||     2
       Lightning rod     |       |       |       |     4 ||     4
  Use: Scroll            |     6 |     3 |    11 |     5 ||    25
 Stab: Sleeping          |     1 |     1 |     4 |       ||     6
       Paralysed         |       |       |       |     6 ||     6
       Distracted        |       |       |       |     1 ||     1
  Eat: Chunk             |     8 |    10 |    25 |    20 ||    63
       Ration            |       |     1 |     1 |       ||     2
Armor: Robe              |     4 |       |       |       ||     4
       Leather armour    |    22 |    46 |    45 |       ||   113
       Steam dragon scal |       |       |    41 |   108 ||   149
Dodge: Dodged            |    51 |    99 |   191 |   221 ||   562
Block: Buckler           |       |       |    38 |    93 ||   131

Table legend:
 A = Non-vault XP
 B = Vault XP
 C = Vault XP percentage of total XP
 D = Non-vault monster count
 E = Vault monster count
 F = Vault count percentage of total count
                 A         B        C        D         E       F
            +---------+---------+-------+---------+---------+-------
      Total |   14156 |    5744 |  28.9 |     253 |      79 |  23.8
            +---------+---------+-------+---------+---------+-------
        D:1 |      36 |       0 |   0.0 |      19 |       0 |   0.0
        D:2 |      29 |       0 |   0.0 |      12 |       0 |   0.0
        D:3 |      82 |      74 |  47.4 |      22 |      13 |  37.1
        D:4 |     354 |      56 |  13.7 |      14 |       5 |  26.3
        D:5 |     434 |     384 |  46.9 |      10 |       7 |  41.2
        D:6 |     895 |     939 |  51.2 |      23 |       9 |  28.1
        D:7 |     805 |     409 |  33.7 |      23 |       1 |   4.2
        D:8 |     802 |     240 |  23.0 |      18 |       2 |  10.0
        D:9 |    3412 |       0 |   0.0 |      44 |       0 |   0.0
       D:10 |    1644 |     871 |  34.6 |      19 |       1 |   5.0
       D:11 |    3646 |    1572 |  30.1 |      39 |      23 |  37.1
     Lair:1 |    2017 |    1005 |  33.3 |      10 |       5 |  33.3
    Ossuary |       0 |     194 | 100.0 |       0 |      13 | 100.0
            +---------+---------+-------+---------+---------+-------
